 Dungeon Crawl Stone Soup version 0.32-a0-711-g016ad74 (webtiles) character file.

Game seed: 14897755574195395361

3435 PidgeyThePirate the Skirmisher (level 10, -8/76 HPs)
             Began as a Coglin Hunter on Mar 15, 2024.
             Was a Follower of Okawaru.
             Shot with an arrow by a centaur warrior (24 damage)
             ... on level 7 of the Dungeon.
             The game lasted 00:16:36 (6435 turns).

PidgeyThePirate the Skirmisher (Coglin Hunter)      Turns: 6435, Time: 00:16:36

Health: -8/76      AC:  6    Str: 15    XL:     10   Next: 5%
Magic:  10/10      EV: 12    Int:  8    God:    Okawaru [*.....]
Gold:   345        SH:  0    Dex: 19    Spells: 9/9 levels left

rFire   . . .        a - +2 sling {Hideko}
rCold   . . .        d - +0 sling {Arsinoe}
rNeg    . . .        I - +0 steam dragon scales
rPois   .            u - +0 helmet
rElec   .            o - scarf {+Inv}
rCorr   .            (no gloves)
SInv    .            (no boots)
Will    .....        (amulet unavailable)
Stlth   ++           (ring unavailable)
HPRegen 0.32/turn    (ring unavailable)
MPRegen 0.12/turn    (no gizmo)

%: no passive effects
@: revved
A: off-hand wielding, slow wielding, warmup strikes, no jewellery
a: Invent Gizmo, Renounce Religion, Evoke Invisibility, Heroism


You were on level 7 of the Dungeon.
You worshipped Okawaru.
Okawaru was aware of your devotion.
You visited 2 branches of the dungeon, and saw 9 of its levels.
You also visited: Ossuary.

You collected 345 gold pieces.

Inventory:

Hand Weapons
 a - a +2 sling (weapon) {Hideko}
 d - a +0 sling (offhand) {Arsinoe}
Armour
 c - a +0 leather armour
 o - a scarf of invisibility (worn)
 u - a +0 helmet (worn)
 I - +0 steam dragon scales (worn)
Wands
 p - a wand of paralysis (13)
 q - a wand of polymorph (8)
 F - a wand of warping (25)
 J - a wand of mindburst (11)
Scrolls
 b - a scroll of butterflies
 e - 4 scrolls of poison
 g - 3 scrolls of enchant armour
 h - 3 scrolls of teleportation
 i - 2 scrolls of revelation
 j - 2 scrolls of immolation
 k - a scroll of torment
 l - a scroll of vulnerability
 n - 7 scrolls of noise
 v - a scroll of fear
 C - a scroll of fog
 D - 2 scrolls of identify
 H - a scroll of enchant weapon {unknown}
Potions
 m - a potion of might
 r - a potion of attraction {unknown}
 s - a potion of resistance
 t - a potion of enlightenment {unknown}
 w - a potion of magic
 x - a potion of mutation {unknown}
 z - 2 potions of cancellation
 A - a potion of brilliance {unknown}
 B - a potion of ambrosia {unknown}
 E - a potion of lignification {unknown}


   Skills:
 + Level 6.1 Fighting
 + Level 11.5 Ranged Weapons
 + Level 3.2 Armour
 + Level 2.5 Dodging
 + Level 1.3 Stealth


You had 9 spell levels left.
You didn't know any spells.
Your spell library contained the following spells:

 Spells                   Type           Power      Damage    Failure   Level
 Magic Dart               Conj           0%         1d3       41%         1
 Sandblast                Erth           0%         2d4       41%         1
 Blink                    Tloc           0%         N/A       54%         2
 Lesser Beckoning         Tloc           0%         N/A       54%         2
 Momentum Strike          Conj/Tloc      0%         3d8       54%         2
 Scorch                   Fire           0%         2d5       54%         2
 Searing Ray              Conj           0%         2d4       54%         2
 Passwall                 Erth           0%         N/A       78%         3
 Stone Arrow              Conj/Erth      0%         3d7       78%         3
 Volatile Blastmotes      Fire/Tloc      0%         2d10      78%         3
 Brom's Barrelling Bould  Conj/Erth      0%         2d3       99%         4
 Flame Wave               Conj/Fire      0%         2d4       99%         4
 Fulminant Prism          Conj/Alch      0%         3d5       99%         4
 Fireball                 Conj/Fire      0%         3d3       100%        5
 Iskenderun's Battlesphe  Conj           0%         2d6       100%        5
 Bombard                  Conj/Erth      0%         9d1       100%        6
 Conjure Ball Lightning   Conj/Air       0%         3x3d6     100%        6
 Orb of Destruction       Conj           0%         9d5       100%        7
 Summon Cactus Giant      Summ           Unusable   N/A       N/A         6

Dungeon Overview and Level Annotations

Branches:
Dungeon (8/15)             Temple (1/1) D:4         Ossuary (visited)
   Lair: D:8-11

Altars:
Ashenzari
Cheibriados
Dithmenos
Gozag
Hepliaklqana
Kikubaaqudgha
Makhleb
Nemelex Xobeh
Okawaru
Qazlal
Ru
Sif Muna
Trog
Uskayaw
Xom
Yredelemnul
Zin
The Shining One
Lugonu

Shops:
D:6 (

Portals:
Abyss: D:3

Annotations:
D:5 1 runed translucent door, Crazy Yiuf


Innate Abilities, Weirdness & Mutations

You can wield a second weapon in your off-hand.
It takes a long time for you to wield or remove held weapons.
Your first few attacks do less damage.
You cannot equip rings or amulets.


Message History

The sling bullet hits the centaur warrior but does no damage.
The centaur warrior is heavily wounded.
The centaur warrior hits you! The centaur warrior barely misses you.
Fire: a) +2 sling {Hideko}
Press: ? - help, Q - select action, (/) - cycle Shift-Dir - straight line, f/p - centaur warrior
Aim: a centaur warrior (heavily wounded, 75% to hit)
You shoot a sling bullet.
The sling bullet hits the centaur warrior but does no damage.
The centaur warrior is heavily wounded.
You shoot a sling bullet.
The sling bullet hits the centaur warrior.
The centaur warrior is heavily wounded.
The centaur warrior hits you.
The centaur warrior kicks you but does no damage.
Fire: a) +2 sling {Hideko}
Press: ? - help, Q - select action, (/) - cycle Shift-Dir - straight line, f/p - centaur warrior
Aim: a centaur warrior (heavily wounded, 75% to hit)
You shoot a sling bullet.
The sling bullet hits the centaur warrior.
The centaur warrior is severely wounded.
You shoot a sling bullet.
The sling bullet hits the centaur warrior but does no damage.
The centaur warrior is severely wounded.
The centaur warrior hits you.
* * * LOW HITPOINT WARNING * * *
The centaur warrior kicks you but does no damage.
You feel better. The centaur warrior barely misses you.
The centaur warrior misses you. The centaur warrior hits you.
* * * LOW HITPOINT WARNING * * *
The centaur warrior kicks you.
* * * LOW HITPOINT WARNING * * *
You feel better. The centaur warrior hits you!
* * * LOW HITPOINT WARNING * * *
The centaur warrior completely misses you.
Blink to where?
Press: ? - help, Dir - move target, p - centaur warrior
As you read the scroll of blinking, it crumbles to dust.
The centaur warrior wields a +0 orcbow.
The centaur warrior shoots an arrow.
The arrow hits you!!
You die...

#...## ##...........)...........
###..## ###.########)########...
##..## *****♣♣♣♣♣♣..)♣♣♣♣♣♣#...
##..#**,**#♣.♣.♣.~~~)♣.♣.♣#...
##.#*,*,*#......~~~......#...
#.#,***,#♣.♣.♣.~~~)♣.♣.♣#...
#.#*,*,**♣♣♣♣♣♣...♣♣♣♣♣♣#...
#.#*♣,**#######♣.♣#######...
####.#*#.**#..@............#...
#..#.#*,#o##.♣♣♣♣♣...♣♣♣♣♣.#...
##....#,*ß#c§.♣ ♣.♣)♣ *,#...
#.....#*,#.##.♣♣♣♣♣...♣♣♣♣♣.#...
##.....#*#.**#...............#.##
#....(.#*♣,**#######♣.♣##########
#...<..#*,*,** ♣♣.....♣♣ #...
.......#,***,**♣♣♣.......♣♣♣♣#...
.......#*,*,**,.....P~P......#...


You could see a centaur warrior.

Vanquished Creatures
  Maggie (D:7)
  Prince Ribbit (D:5)
  Sigmund (D:5)
  Eustachio (D:4)
  A wraith (D:7)
  Menkaure (D:5)
  Edmund (D:5)
  A sky beast (D:6)
  A black bear (D:6)
  3 ogres
  An ice beast (D:6)
  An orc warrior (D:5)
  A phantom (D:5)
  Blork the orc (D:6)
  A kobold brigand (D:7)
  A weeping skull (Ossuary)
  4 bullfrogs
  An elf zombie (Ossuary)
  A gnoll sergeant (D:7)
  2 scorpions
  A burial acolyte (Ossuary)
  3 killer bees (D:6)
  A howler monkey (D:6)
  A hound (D:5)
  A human zombie (Ossuary)
  An orc priest (D:7)
  2 jellies (D:6)
  2 sleepcaps
  Ijyb (D:3)
  2 iguanas (D:5)
  7 orc wizards
  A hell rat (D:8)
  3 mummies (Ossuary)
  4 adders
  A shadow imp (D:7)
  2 ufetubi (D:5)
  A dart slug (D:4)
  A ribbon worm (D:5)
  22 orcs
  7 endoplasms
  3 giant cockroaches
  9 hobgoblins
  9 jackals
  11 kobolds
  2 quokkas
  9 ball pythons
  3 bats
  3 frilled lizards
  3 gnoll zombies (Ossuary)
  7 goblins
  2 kobold zombies (Ossuary)
  An orc zombie (Ossuary)
  4 rats
  2 rat zombies (D:5)
  2 lurking horrors (D:3)
160 creatures vanquished.

Notes
Turn   | Place    | Note
-------+----------+-------------------------------------------
     0 | D:1      | PidgeyThePirate the Coglin Hunter began the quest for the
                  | Orb.
     0 | D:1      | Reached XP level 1. HP: 16/16 MP: 1/1
    87 | D:1      | Reached skill level 4 in Ranged Weapons
    87 | D:1      | Reached XP level 2. HP: 22/22 MP: 2/2
   251 | D:1      | Reached XP level 3. HP: 27/27 MP: 3/3
   774 | D:2      | Found a shadowy altar of Dithmenos.
   776 | D:2      | Reached skill level 1 in Stealth
  1134 | D:3      | Found a faded altar of an unknown god.
  1145 | D:3      | Noticed Ijyb
  1146 | D:3      | Paralysed by Ijyb for 5 turns
  1161 | D:3      | Killed Ijyb
  1162 | D:3      | Reached skill level 5 in Ranged Weapons
  1162 | D:3      | Reached XP level 4. HP: 15/33 MP: 4/4
  1501 | D:3      | Found a corrupted altar of Lugonu.
  1504 | D:3      | Found a one-way gate to the infinite horrors of the Abyss.
  1571 | D:3      | Found a glowing silver altar of Zin.
  2110 | D:4      | Noticed a bullfrog
  2114 | D:4      | Killed a bullfrog
  2115 | D:4      | Reached XP level 5. HP: 29/39 MP: 5/5
  2117 | D:4      | Noticed an ogre
  2123 | D:4      | Killed an ogre
  2124 | D:4      | Reached skill level 6 in Ranged Weapons
  2124 | D:4      | Reached skill level 1 in Armour
  2124 | D:4      | Reached XP level 6. HP: 35/46 MP: 6/6
  2363 | D:4      | Found a staircase to the Ecumenical Temple.
  2363 | D:4      | Noticed Eustachio
  2385 | D:4      | Killed Eustachio
  2476 | Temple   | Entered the Ecumenical Temple
  2511 | D:4      | Reached XP level 7. HP: 52/52 MP: 7/7
  2700 | D:5      | Entered Level 5 of the Dungeon
  2719 | D:5      | Reached skill level 7 in Ranged Weapons
  2831 | D:5      | Noticed Sigmund
  2847 | D:5      | Killed Sigmund
  2848 | D:5      | Reached XP level 8. HP: 35/60 MP: 8/8
  2858 | D:5      | Found a sacrificial altar of Ru.
  2858 | D:5      | Found a shadowy altar of Dithmenos.
  2882 | D:5      | Reached skill level 8 in Ranged Weapons
  2890 | D:5      | Found a sand-covered staircase.
  2902 | Ossuary  | Entered an ossuary
  3396 | D:5      | Noticed Menkaure
  3409 | D:5      | Killed Menkaure
  3495 | D:5      | Found a sparkling altar of Nemelex Xobeh.
  3659 | D:5      | Noticed Edmund
  3675 | D:5      | Killed Edmund
  3676 | D:5      | Reached skill level 9 in Ranged Weapons
  3890 | D:5      | Found the ring of the Octopus King
  3899 | D:5      | Identified a ring of the Octopus King {rN+ HP+2 AC+2 EV+2
                  | SH+2}
  3946 | D:5      | Noticed Prince Ribbit
  3964 | D:5      | Killed Prince Ribbit
  3965 | D:5      | Reached skill level 5 in Fighting
  3965 | D:5      | Reached XP level 9. HP: 31/68 MP: 9/9
  4177 | D:5      | Found an iron altar of Okawaru.
  4199 | D:5      | Became a worshipper of Warmaster Okawaru
  4346 | D:5      | Found a runed translucent door.
  4347 | D:5      | Noticed Crazy Yiuf
  4522 | D:6      | Noticed Blork the orc
  4529 | D:6      | Killed Blork the orc
  4634 | D:6      | Found a basalt altar of Yredelemnul.
  4677 | D:6      | Found Exutres's Weapon Boutique.
  4833 | D:6      | Found a hide-covered altar of Uskayaw.
  4834 | D:6      | Found a broken altar of Ashenzari.
  4931 | D:6      | Reached skill level 10 in Ranged Weapons
  4997 | D:6      | You fall into a shaft and drop 2 floors!
  5744 | D:7      | Reached * piety under Okawaru
  5903 | D:7      | Reached skill level 11 in Ranged Weapons
  6080 | D:7      | Noticed Maggie
  6100 | D:7      | Killed Maggie
  6101 | D:7      | Reached XP level 10. HP: 41/76 MP: 10/10
  6413 | D:7      | Noticed a centaur warrior
  6435 | D:7      | Shot with an arrow by a centaur warrior

Illustrated notes

Levels and vault maps discovered:
D:1:      dpeg_arrival_arbitrary_a, layout_rooms, hangedman_decor_growths,
          minmay_misc_feat_plants
D:2:      layout_basic, basic_altar, nrook_mini_vaults
D:3:      corexii_shack_village, layout_loops_ring, zin_treasury,
          hellmonk_ecumenical_altar_lost_god, kennysheep_doodads,
          minmay_fountain_box, amcnicky_altar_lugonu_corruption, uniq_ijyb
D:4:      layout_rooms, minmay_temple_entry_statues_fountains, minivault_27,
          uniq_eustachio
D:5:      layout_loops_ring, kennysheep_little_box, kennysheep_mini_moat,
          nicolae_overflow_two_pavilions, enter_ossuary_4,
          kennysheep_generic_room_13, uniq_prince_ribbit1, uniq_menkaure,
          uniq_edmund, uniq_sigmund, uniq_crazy_yiuf_cottage
D:6:      kb_forest_paths, layout_rooms, yredelemnul_altar_generic, minitemple,
          serial_shops, nicolae_shop_hallway_plus, uniq_blork_the_orc
D:7:      nzn_winding_woodlands_three_and_one
          [nzn_winding_woodlands_5x15_garden,
          nzn_winding_woodlands_5x15_concentric,
          nzn_winding_woodlands_5x15_pool,
          nzn_winding_woodlands_center_diamonds], layout_cave_pods,
          serial_column_ruins, column_ruins_hut_pillars, column_ruins_hut,
          column_ruins_grid_3, column_ruins_grid_1,
          column_ruins_open_tiny_water, column_ruins_corridor_straight,
          column_ruins_grid_1, uniq_maggie
D:8:      layout_gridville, mainiacjoe_overflow_chevrons, old_standard_altar,
          dpeg_lair_monsters
Temple:   eino_temple_lava

Skill      XL: |  1  2  3  4  5  6  7  8  9 10 |
---------------+-------------------------------+-----
Ranged Weapons | 4 5 6 7 9 11 | 11.5
Stealth        | 1 |  1.3
Armour         | 1 2 3 |  3.2
Dodging        | 2 |  2.5
Fighting       | 3 5 6 |  6.1

Action                     |  1- 3 |  4- 6 |  7- 9 | 10-12 || total
---------------------------+-------+-------+-------+-------++-------
   Fire: Sling             |   156 |   180 |   838 |    48 ||  1222
    Use: Potion            |       |       |    15 |     4 ||    19
         Scroll            |       |       |    11 |     1 ||    12
 Armour: Leather armour    |    11 |    23 |   146 |       ||   180
         Steam dragon scal |       |       |       |    32 ||    32
  Dodge: Dodged            |    10 |    15 |    99 |    14 ||   138

Table legend: (Time is in decaauts)
 A = Elapsed time spent in this place.
 B = Non-inter-level travel time spent in this place.
 C = Inter-level travel time spent in this place.
 D = Time resting spent in this place.
 E = Time spent auto-exploring this place.
 F = Levels seen in this place.
 G = Mean time per level.
                   A        B        C        D        E       F      G
               +--------+--------+--------+--------+--------+-----+--------+
         Total |   6453 |   6179 |    274 |      0 |   4822 |  10 |  645.3 |
       Dungeon |   5966 |   5692 |    274 |      0 |   4528 |   8 |  745.8 |
        Temple |      1 |      1 |      0 |      0 |      0 |   1 |    1.0 |
       Ossuary |    485 |    485 |      0 |      0 |    294 |   1 |  485.0 |
               +--------+--------+--------+--------+--------+-----+--------+

Top non-repeatable levels by time:
     D:5: 1304 daAuts
     D:7: 944 daAuts
     D:6: 932 daAuts
     D:3: 924 daAuts
     D:4: 658 daAuts
     D:1: 636 daAuts
     D:2: 510 daAuts
 Ossuary: 485 daAuts
     D:8: 55 daAuts
  Temple: 1 daAuts
